 Dungeon Crawl Stone Soup version 0.20.1-1-g8b1a95d (webtiles) character file.

664 doot the Chopper (level 7, -3/52 HPs)
             Began as a Demonspawn Gladiator on July 11, 2017.
             Was a Believer of Trog.
             Slain by a phantom (8 damage)
             ... on level 7 of the Dungeon.
             The game lasted 00:10:08 (3013 turns).

doot the Chopper (Demonspawn Gladiator)             Turns: 3013, Time: 00:10:09

Health: -3/52      AC: 14    Str: 19 (20) XL:     7   Next: 31%
Magic:  7/7        EV: 13    Int: 11 (13) God:    Trog [**....]
Gold:   211        SH:  0    Dex: 18 (19) Spells: 6/6 levels left

rFire    . . .     SeeInvis .   u - +1 flail (protect)
rCold    . . .     Gourm    .   (no shield)
rNeg     . . .     Faith    .   q - +0 ring mail
rPois    .         Spirit   .   c - +1 helmet
rElec    .         Reflect  .   (no cloak)
rCorr    .         Harm     +   (no gloves)
MR       .....                  (no boots)
Stlth    ++........             y - amulet of harm
Regen    0.2/turn               A - +2 ring of dexterity
MPRegen  0.1/turn               (no ring)

@: mighty, brilliant, protection aura, very slightly contaminated
A: claws 2, thin skeletal structure 1, demonic guardian 1, dopey 1, screaming 1,
spiny 1
a: Berserk, Trog's Hand, Burn Spellbooks, Renounce Religion


You were on level 7 of the Dungeon.
You worshipped Trog.
Trog was pleased with you.
You were very hungry.

You visited 1 branch of the dungeon, and saw 7 of its levels.

You collected 211 gold pieces.

Inventory:

Hand Weapons
 a - a +0 war axe
 u - a +1 flail of protection (weapon)
 z - a -3 mace
Missiles
 d - 3 throwing nets (quivered)
Armour
 b - a +0 leather armour
 c - a +1 helmet (worn)
 q - a +0 ring mail (worn)
Jewellery
 y - an amulet of harm (around neck)
 A - a +2 ring of dexterity (left claw)
Scrolls
 l - a scroll of fog
 o - a scroll of recharging
 r - a scroll of immolation
 t - 2 scrolls of teleportation
 w - a scroll of identify
Potions
 e - 2 potions of curing
 n - a potion of ambrosia
 p - a potion of brilliance
Comestibles
 f - 2 bread rations
 i - a royal jelly
 k - a meat ration


   Skills:
 + Level 3.3 Fighting
 + Level 4.1(4.9) Axes
 + Level 3.8(4.7) Maces & Flails
 + Level 1.9 Throwing
 + Level 3.1 Armour
 + Level 3.5 Dodging
 + Level 1.1 Stealth


You had 6 spell levels left.
You didn't know any spells.

Dungeon Overview and Level Annotations

Branches:
Dungeon (7/15)
 Temple: D:4-7

Altars:
Ashenzari
Cheibriados
Fedhas
Trog


Innate Abilities, Weirdness & Mutations

You have very sharp fingernails.
You have a somewhat thin skeletal structure. (Dex +2, Stealth)
A weak demonic guardian rushes to your aid.
You are partially covered in sharp spines.
You are dopey. (Int -2)
You occasionally shout uncontrollably at your foes.


Message History

The phantom barely misses you.
Your shadow imp barely misses the phantom.
You miss the phantom.
The phantom is almost destroyed.
The phantom barely misses you. The phantom hits you.
* * * LOW HITPOINT WARNING * * *
Your shadow imp hits the phantom.
You strike the helpless phantom from behind!
You thump the phantom!
Your weapon exudes an aura of protection.
You destroy the phantom!
Trog accepts your kill.
You feel your intelligence returning.
Your Stealth skill increases to level 1!
You flicker back into view.
You are feeling very hungry.
The iguana hisses angrily.
The iguana seems to regain its courage.
The phantom completely misses you. The phantom hits you!
You die...

........##.##...#
..............#
........#.#####
.......#.#
.........#
.###l#(## #...#
#.W.### #.#@5.#
#..###.# ###.#
#.# #...####.##
.#..<....#
..#.......#
...........#
...............
............###


You could see a phantom, an iguana and a friendly shadow imp.

Vanquished Creatures
  A phantom (D:7)
  A sky beast (D:7)
  An ogre (D:7)
  A bullfrog (D:7)
  An iguana (D:4)
  2 orc wizards (D:3)
  3 worker ants
  A hound skeleton (D:4)
  5 adders
  A river rat (D:3)
  A shadow imp (D:7)
  3 worms
  3 dart slugs
  16 orcs
  2 ball pythons (D:3)
  A giant cockroach (D:1)
  14 hobgoblins
  5 kobolds
  A quokka (D:2)
  9 bats
  8 frilled lizards
  6 goblins
  8 rats
94 creatures vanquished.

Vanquished Creatures (collateral kills)
  An orc wizard (D:3)
  2 orcs (D:6)
  2 ball pythons
5 creatures vanquished.

Grand Total: 99 creatures vanquished

Notes
Turn   | Place    | Note
-------+----------+-------------------------------------------
     0 | D:1      | doot the Demonspawn Gladiator began the quest for the Orb.
     0 | D:1      | Reached XP level 1. HP: 16/16 MP: 1/1
    53 | D:1      | Gained mutation: A weak demonic guardian rushes to your aid. [demonic ancestry]
    53 | D:1      | Reached XP level 2. HP: 13/22 MP: 2/2
    74 | D:1      | Reached skill level 3 in Axes
   327 | D:1      | Found a bloodstained altar of Trog.
   333 | D:1      | Became a worshipper of Trog the Wrathful
   579 | D:2      | Found a shattered altar of Ashenzari.
   587 | D:2      | Gained mutation: You have sharp fingernails. [demonic ancestry]
   587 | D:2      | Reached XP level 3. HP: 21/27 MP: 3/3
   615 | D:2      | Found a blossoming altar of Fedhas.
  1138 | D:2      | Reached skill level 1 in Armour
  1138 | D:2      | Gained mutation: You have very sharp fingernails. [demonic ancestry]
  1138 | D:2      | Reached XP level 4. HP: 33/33 MP: 4/4
  1285 | D:3      | Found a faded altar of an unknown god.
  1292 | D:3      | Reached * piety under Trog
  1393 | D:3      | Reached skill level 4 in Axes
  1458 | D:3      | Gained mutation: You have a somewhat thin skeletal structure. (Dex +2, Stealth) [demonic ancestry]
  1458 | D:3      | Reached XP level 5. HP: 5/39 MP: 5/5
  1827 | D:3      | Reached ** piety under Trog
  1827 | D:3      | Reached skill level 1 in Maces & Flails
  1849 | D:3      | Found a glowing drain.
  2714 | D:4      | Gained mutation: You are partially covered in sharp spines. [demonic ancestry]
  2714 | D:4      | Reached XP level 6. HP: 46/46 MP: 6/6
  2717 | D:4      | You fall through a shaft!
  2717 | D:5      | Entered Level 5 of the Dungeon
  2893 | D:5      | You fall through a shaft for 2 floors!
  2894 | D:7      | Found a snail-covered altar of Cheibriados.
  2968 | D:7      | Noticed a sky beast
  2972 | D:7      | Killed a sky beast
  2972 | D:7      | Reached XP level 7. HP: 12/52 MP: 7/7
  2975 | D:7      | Gained mutation: You are dopey. (Int -2) [mutagenic meat]
  2976 | D:7      | Gained mutation: You occasionally shout uncontrollably at your foes. [mutagenic meat]
  3013 | D:7      | Reached skill level 1 in Stealth
  3013 | D:7      | Slain by a phantom

Skill      XL: |  1  2  3  4  5  6  7 |
---------------+----------------------+-----
Axes           | 3 4 |  4.1
Dodging        | 3 |  3.5
Armour         | 1 2 3 |  3.1
Maces & Flails | 1 3 |  3.8
Fighting       | 3 |  3.3
Stealth        | 1 |  1.1
Throwing       | |  1.9

Action                   |  1- 3 |  4- 6 |  7- 9 || total
-------------------------+-------+-------+-------++-------
Melee: War axe           |   120 |    43 |       ||   163
       Flail             |       |   128 |     5 ||   133
       Mace              |       |     7 |     5 ||    12
Invok: Berserk           |       |     2 |       ||     2
  Use: Potion            |       |     3 |     5 ||     8
       Scroll            |       |     3 |     4 ||     7
 Stab: Distracted        |     1 |       |       ||     1
       Sleeping          |       |     1 |       ||     1
       Invisible         |       |       |     2 ||     2
  Eat: Chunk             |       |     8 |     2 ||    10
Armor: Leather armour    |    35 |       |       ||    35
       Ring mail         |     4 |    93 |     5 ||   102
       Skin              |     1 |       |       ||     1
Dodge: Dodged            |   102 |   119 |    12 ||   233
